 Dungeon Crawl Stone Soup version 0.25-a0-804-g50c693f418 (webtiles) character file.

Game seed: 920765661859165455, levelgen mode: deterministic

170380 Arthanis the Severer (level 17, -1/116 HPs)
             Began as a Gargoyle Berserker on Apr 19, 2020.
             Was a High Priest of Trog.
             Slain by a thorn hunter (12 damage)
             ... on level 4 of the Swamp.
             The game lasted 00:48:48 (20667 turns).

Arthanis the Severer (Gargoyle Berserker)          Turns: 20667, Time: 00:48:49

Health: -1/116     AC: 43    Str: 36    XL:     17   Next: 99%
Magic:  23/23      EV: 13    Int: 11    God:    Trog [*****.]
Gold:   1964       SH:  0    Dex: 19    Spells: 16/16 levels left

rFire    + . .     SeeInvis .   a - +2 broad axe (vamp)
rCold    . . .     Gourm    .   (no shield)
rNeg     + . .     Faith    +   N - +3 plate armour of Lifelessness {Str+4 Dex+4}
rPois    ∞         Spirit   .   X - +2 helmet
rElec    +         Reflect  .   m - +2 cloak {MR+}
rCorr    .         Harm     .   U - +2 pair of gloves {Dex+3}
MR       ++++.                  V - +0 pair of boots
Stlth    ..........             j - amulet of Mysticism {Faith rPois rF+ Str+6 Int-3}
HPRegen  1.29/turn              u - +3 ring of dexterity
MPRegen  0.18/turn              P - +4 ring of strength

@: berserk cooldown, flying, regenerating, slowed, very slow
A: big wings, negative energy resistance 1, electricity resistance, unbreathing,
petrification resistance, rot immunity, AC +12
a: Stop Flying, Berserk, Trog's Hand, Brothers in Arms, Renounce Religion


You were on level 4 of the Swamp.
You worshipped Trog.
Trog was extremely pleased with you.
You were near starving.

You visited 4 branches of the dungeon, and saw 27 of its levels.
You also visited: Ossuary, Gauntlet and Volcano.

You collected 3101 gold pieces.
You spent 1137 gold pieces at shops.

Inventory:

Hand Weapons
 a - a +2 vampiric broad axe (weapon)
 b - a +6 executioner's axe of flaming
 h - a +2 vorpal battleaxe
 D - a +5 antimagic battleaxe
Armour
 m - a +2 cloak of magic resistance (worn)
 N - the +3 plate armour of Lifelessness (worn) {Str+4 Dex+4}
   (You acquired it on level 5 of the Lair of Beasts)

   It affects your strength (+4).
   It affects your dexterity (+4).
 O - a +0 kite shield of reflection
 U - a +2 pair of gloves of dexterity (worn)
 V - a +0 pair of boots (worn)
 X - a +2 helmet (worn)
Jewellery
 j - the amulet of Mysticism (around neck) {Faith rPois rF+ Str+6 Int-3}
   (You acquired it on level 5 of the Lair of Beasts)

   [amulet of faith]

   It allows you to gain divine favour quickly.
   It affects your strength (+6).
   It affects your intelligence (-3).
   It protects you from fire.
   It protects you from poison.
 u - a +3 ring of dexterity (left hand)
 J - a +2 amulet of reflection
 P - a +4 ring of strength (right hand)
 R - an uncursed amulet of rage
 W - the ring "Ipnuec" {rF+ rC+}
   (You found it on level 1 of the Swamp)

   [ring of protection from cold]

   It protects you from fire.
   It protects you from cold.
Wands
 f - a wand of iceblast (21)
 p - a wand of acid (16)
 v - a wand of flame (7)
 F - a wand of digging (25)
 T - a wand of disintegration (66)
 Y - a wand of clouds (7)
 Z - a wand of scattershot (6)
Scrolls
 e - 4 scrolls of fog
 g - 5 scrolls of blinking
 i - 6 scrolls of enchant weapon
 w - 7 scrolls of immolation
 x - 17 scrolls of remove curse
 y - a scroll of holy word
 A - a scroll of silence
 E - 4 scrolls of fear
 H - 3 scrolls of enchant armour
 L - 17 scrolls of teleportation
 Q - a scroll of magic mapping
Potions
 d - 8 potions of heal wounds
 k - 2 potions of magic
 l - 6 potions of might
 n - 5 potions of brilliance
 o - 3 potions of invisibility
 q - 6 potions of resistance
 r - 12 potions of curing
 s - 4 potions of cancellation
 t - a potion of stabbing
 z - 3 potions of degeneration {unknown}
 B - 4 potions of haste {unknown}
 C - 5 potions of mutation {unknown}
 I - 3 potions of lignification {unknown}
 M - 2 potions of ambrosia {unknown}
 S - 3 potions of berserk rage {unknown}
Comestibles
 c - 44 rations


   Skills:
 + Level 16.8 Fighting
 * Level 19.3 Axes
 + Level 12.3 Armour
 - Level 6.0 Dodging
 - Level 6.0 Shields
 + Level 9.0 Evocations


You had 16 spell levels left.
You didn't know any spells.
Your spell library contained the following spells:

 Spells                   Type           Power        Failure   Level  Hunger
 Apportation              Tloc           #.....       86%         1    ##.....
 Beastly Appendage        Tmut           #.....       86%         1    ##.....
 Freeze                   Ice            #...         86%         1    ##.....
 Summon Small Mammal      Summ           #...         86%         1    ##.....
 Call Imp                 Summ           #.......     94%         2    ###....
 Poisonous Vapours        Pois/Air       #.....       94%         2    ###....
 Sticks to Snakes         Tmut           #.......     94%         2    ###....
 Call Canine Familiar     Summ           #.......     99%         3    ####...
 Conjure Flame            Conj/Fire      #.......     99%         3    ####...
 Frozen Ramparts          Ice            #.....       99%         3    ####...
 Mephitic Cloud           Conj/Pois/Air  #.......     99%         3    ####...
 Ozocubu's Armour         Chrm/Ice       #.......     99%         3    ####...
 Spider Form              Tmut/Pois      #.........   99%         3    ####...
 Summon Guardian Golem    Hex/Summ       #.......     99%         3    ####...
 Cause Fear               Hex            #.........   100%        4    #####..
 Hailstorm                Conj/Ice       #.......     100%        4    #####..
 Ice Form                 Ice/Tmut       #.......     100%        4    #####..
 Summon Ice Beast         Ice/Summ       #.......     100%        4    #####..
 Summon Lightning Spire   Summ/Air       #.......     100%        4    #####..
 Blade Hands              Tmut           #.........   100%        5    ######.
 Fireball                 Conj/Fire      #.........   100%        5    ######.
 Silence                  Hex/Air        #.........   100%        5    ######.
 Yara's Violent Unravell  Hex/Tmut       #.........   100%        5    ######.
 Freezing Cloud           Conj/Ice/Air   #.........   100%        6    #######
 Starburst                Conj/Fire      #.........   100%        6    #######
 Malign Gateway           Summ/Tloc      #.........   100%        7    #######
 Ring of Flames           Chrm/Fire      #.........   100%        7    #######
 Discord                  Hex            #.........   100%        8    #######


Dungeon Overview and Level Annotations

Branches:
Dungeon (15/15)            Temple (0/1) D:5            Lair (6/6) D:10
  Swamp (4/4) Lair:2        Snake (0/4) Lair:2        Slime (0/5) Lair:6
    Orc (2/2) D:12            Elf (0/3) Orc:2        Vaults (0/5) D:13
 Depths (0/5) D:15        Ossuary (visited)         Volcano (visited)
Gauntlet (visited)

Altars:
Ashenzari
Gozag
Kikubaaqudgha
Nemelex Xobeh
Okawaru
Ru
Xom
Jiyva

Shops:
D:6 [   D:8 %   D:9 [*   D:11 *   Orc:2 (%*=

Portals:
Abyss: Swamp:4

Annotations:
D:10 3 runed translucent doors
Swamp:4 2 transporters, Borgoz's ghost, adept MiBe


Innate Abilities, Weirdness & Mutations

You are resistant to torment.
Your stone body is resilient. (AC +12)
You are immune to poison.
Your large and strong wings let you fly indefinitely.
You resist negative energy. (rN+)
You are resistant to electric shocks. (rElec)
You can survive without breathing.
You are immune to petrification.
You are immune to rotting.


Message History

* * * LOW HITPOINT WARNING * * *
The thorn hunter barely misses you.
The thorn hunter hits you but does no damage.
The thorn hunter hits you!
* * * LOW HITPOINT WARNING * * *
You hit the thorn hunter.
The thorn hunter is moderately damaged.
The thorn hunter gestures.
Thorny briars emerge from the ground!
You slice the thorn hunter!!
The thorn hunter is heavily damaged.
The thorn hunter gestures.
The thorn hunter misses you. The thorn hunter hits you!
* * * LOW HITPOINT WARNING * * *
You hit the thorn hunter.
The thorn hunter is heavily damaged.
The thorn hunter hits you.
* * * LOW HITPOINT WARNING * * *
The thorn hunter hits you!
You die... ♣ . .PP

♣♣♣♣ #.# ♣♣ .≈♣ ≈≈≈♣
#..♣♣.♣♣♣♣.≈♣ ≈≈♣♣♣♣
≈..≈♣≈...≈.♣ ≈≈)..♣♣♣##
♣≈...♣≈).♣ §.≈.≈.♣♣.♣#
#.≈♣...§## .)≈♣≈..§..##
♣..♣.≈## §≈♣♣.≈....≈#
##..f.#
≈♣♣♣≈≈≈≈..≈♣♣###@.#♣ ♣♣
♣≈...)....##[..♣♣ ♣♣
♣♣.≈≈..≈†.≈[[...♣.≈ ≈♣
♣≈..≈.≈P...÷≈≈...≈.♣
♣♣♣.≈≈≈..≈PP≈....≈....≈.
♣.≈§≈≈...PPPPPP≈..$...≈
♣.≈..♣.≈≈PPPPPP≈..≈...≈
♣...≈§♣≈.≈≈≈≈.....≈..≈♣
♣♣≈≈≈♣.≈?♣..≈...≈.≈≈...


You could see a thorn hunter.

Vanquished Creatures
  Nikola (Swamp:1)
  Kirke (Swamp:1)
  2 thorn hunters (Swamp:4)
  Donald (Swamp:1)
  An orc warlord (Orc:1)
  A juggernaut zombie (D:15)
  2 hydra skeletons (Swamp:4)
  A stone giant (Orc:2)
  2 vampire knights (Swamp:4)
  A minotaur (Gauntlet)
  Snorg (D:13)
  The ghost of Leomnaev the Carver, a journeyman DsFi of Uskayaw (D:15)
  A death ooze (Lair:6)
  The ghost of Henwih the Fighter, a journeyman VSHu of Okawaru (Lair:6)
  Erolcha (Orc:2)
  4 vault guards (D:13)
  2 catoblepae
  20 hydras
  2 shambling mangroves (Swamp:4)
  3 ghost crabs
  10 two-headed ogres
  A deep troll shaman (Lair:6)
  An ogre mage (Volcano)
  3 centaur warriors
  9 alligators
  A vampire mage (D:15)
  An orc high priest (Orc:2)
  15 death yaks
  A hell knight (Volcano)
  A spark wasp zombie (D:15)
  An unseen horror (D:11)
  A flayed ghost (Swamp:4)
  Pikel (D:8)
  10 swamp dragons
  2 lindwurms
  3 spectral hydras (Swamp:4)
  A tengu zombie (D:15)
  3 spriggan druids
  A deep elf mage (D:13)
  A phantasmal warrior (Swamp:4)
  A fire giant zombie (D:15)
  2 necromancers
  3 manticores
  5 orc sorcerers
  17 ugly things
  5 cyclopes
  A moth of wrath (Gauntlet)
  An eye of devastation (Lair:6)
  20 spiny frogs
  2 torpor snails
  Psyche (D:8)
  4 elephants (Lair:6)
  4 black mambas
  3 gargoyles
  A molten gargoyle (Volcano)
  2 centaur skeletons (D:13)
  Maggie (D:8)
  A rime drake (shapeshifter) (D:14)
  7 komodo dragons
  6 rime drakes
  A kobold demonologist (D:10)
  2 freezing wraiths (Swamp:4)
  2 guardian mummies (D:15)
  A harpy zombie (D:14)
  8 trolls
  3 death drake zombies (Swamp:4)
  5 hornets
  13 tyrant leeches
  31 slime creatures
  2 bog bodies
  A hornet (shapeshifter) (D:15)
  17 hippogriffs
  Prince Ribbit (D:7)
  A death drake skeleton (Swamp:4)
  20 blink frogs
  7 dream sheep
  A raiju (Swamp:4)
  A ynoxinul (Gauntlet)
  7 spriggans
  4 shadows
  Grum (D:11)
  22 yaks
  6 fire bats (Volcano)
  7 humans
  9 wyverns
  7 basilisks
  7 hogs (Swamp:1)
  A hungry ghost (D:14)
  2 steam dragons
  33 vampire mosquitoes
  8 wargs
  An acid dragon (D:13)
  11 insubstantial wisps
  17 swamp worms
  3 soldier ants
  16 water moccasins
  Duvessa (D:4)
  12 swamp drakes
  2 porcupines
  3 hydra simulacra (Swamp:4)
  2 hell hounds (Lair:6)
  22 orc warriors
  5 ice beasts
  A hornet zombie (D:13)
  5 black bears
  3 sky beasts
  A slave (D:8)
  2 eyes of draining
  6 necrophages
  3 phantoms
  25 wolves
  12 ogres
  6 centaurs
  8 crocodiles
  5 big kobolds
  19 bullfrogs
  4 scorpions
  2 wyvern skeletons
  Dowan (D:4)
  20 killer bees
  3 howler monkeys
  6 lava snakes (Volcano)
  9 crimson imps
  A bullfrog zombie (D:13)
  5 centaur zombies
  11 jellies
  4 quasits
  8 hounds
  23 orc priests
  Crazy Yiuf (D:2)
  2 iron imps (Gauntlet)
  50 orc wizards
  6 bullfrog skeletons
  Jessica (D:2)
  3 hell rats (Lair:5)
  6 iguanas
  14 worker ants
  Natasha (thrice) (D:3)
  8 mummies (Ossuary)
  2 worker ant zombies
  4 gnolls (D:4)
  24 adders
  9 river rats (Lair:5)
  3 shadow imps
  10 oozes
  An adder skeleton (D:4)
  An adder zombie (D:6)
  A worm (D:6)
  2 dart slugs (D:2)
  6 leopard geckos
  82 orcs
  7 bats
  4 giant cockroaches
  4 goblins
  15 hobgoblins
  16 jackals
  3 quokkas
  A ball python (D:1)
  10 frilled lizards
  A hobgoblin zombie (Ossuary)
  37 kobolds
  7 kobold zombies (Ossuary)
  2 quokka skeletons
  A quokka zombie (D:7)
  14 rats
  7 fungi
  5 plants
1095 creatures vanquished.

Vanquished Creatures (collateral kills)
  Nessos (D:13)
1 creature vanquished.

Vanquished Creatures (others)
  5 dream sheep (D:15)
  A swamp worm (Swamp:3)
  A hound (D:13)
  A jelly (D:11)
  2 orc wizards
  A kobold (D:11)
  4 briar patches (Swamp:4)
  2 fungi
  13 plants
  6 toadstools (D:3)
36 creatures vanquished.

Grand Total: 1132 creatures vanquished

Notes
Turn   | Place    | Note
-------+----------+-------------------------------------------
     0 | D:1      | Arthanis the Gargoyle Berserker began the quest for the
                  | Orb.
     0 | D:1      | Reached XP level 1. HP: 14/14 MP: 1/1
   101 | D:1      | Reached XP level 2. HP: 13/19 MP: 2/2
   162 | D:1      | Reached skill level 3 in Axes
   283 | D:1      | Reached XP level 3. HP: 20/23 MP: 3/3
   713 | D:1      | Reached ** piety under Trog
   964 | D:2      | Reached XP level 4. HP: 28/29 MP: 4/4
   969 | D:2      | Noticed Jessica
   991 | D:2      | Killed Jessica
  1111 | D:2      | Found a runed translucent door.
  1112 | D:2      | Noticed Crazy Yiuf
  1126 | D:2      | Killed Crazy Yiuf
  1126 | D:2      | Reached XP level 5. HP: 33/33 MP: 1/5
  1260 | D:2      | Reached skill level 4 in Axes
  1367 | D:2      | Found an opulent altar of Gozag.
  1368 | D:2      | Found a sparkling altar of Nemelex Xobeh.
  1456 | D:3      | Noticed Natasha
  1464 | D:3      | Killed Natasha
  1464 | D:3      | Reached *** piety under Trog
  1568 | D:3      | Noticed Natasha
  1574 | D:3      | Killed Natasha
  1579 | D:3      | Reached XP level 6. HP: 39/39 MP: 6/6
  1723 | D:3      | Noticed Natasha
  1730 | D:3      | Killed Natasha
  1783 | D:3      | Reached skill level 5 in Axes
  1791 | D:3      | Reached skill level 5 in Fighting
  1791 | D:3      | Reached XP level 7. HP: 29/44 MP: 7/7
  1908 | D:3      | Found an ancient bone altar of Kikubaaqudgha.
  2112 | D:3      | Reached **** piety under Trog
  2260 | D:4      | Found a sand-covered staircase.
  2269 | Ossuary  | Entered an ossuary
  2320 | Ossuary  | HP: 1/44 [mummy (12)]
  2712 | D:4      | Noticed Dowan
  2712 | D:4      | Noticed Duvessa
  2719 | D:4      | Killed Dowan
  2719 | D:4      | Reached skill level 6 in Axes
  2725 | D:4      | Killed Duvessa
  2725 | D:4      | Reached skill level 5 in Armour
  2725 | D:4      | Reached XP level 8. HP: 51/51 MP: 8/8
  3301 | D:4      | Found a shattered altar of Ashenzari.
  3307 | D:4      | Found a sacrificial altar of Ru.
  3475 | D:5      | Entered Level 5 of the Dungeon
  3479 | D:5      | Found a staircase to the Ecumenical Temple.
  3616 | D:5      | Reached skill level 7 in Axes
  4252 | D:6      | Reached XP level 9. HP: 46/57 MP: 9/9
  4255 | D:6      | Reached skill level 8 in Axes
  4415 | D:6      | Reached ***** piety under Trog
  4415 | D:6      | Received a gift from Trog
  4552 | D:6      | Found Bunas's Armour Boutique.
  4579 | D:6      | Bought a +2 pair of gloves of dexterity for 258 gold pieces
  4589 | D:6      | Bought a +0 pair of boots for 54 gold pieces
  4619 | D:6      | Noticed a two-headed ogre
  4624 | D:6      | Killed a two-headed ogre
  4624 | D:6      | Reached skill level 9 in Axes
  4979 | D:7      | Reached XP level 10. HP: 65/65 MP: 10/10
  5002 | D:7      | Reached skill level 10 in Axes
  5077 | D:7      | Found an iron altar of Okawaru.
  5089 | D:7      | Noticed Prince Ribbit
  5101 | D:7      | Killed Prince Ribbit
  5140 | D:7      | You fall into a shaft and drop 1 floor!
  5140 | D:8      | Noticed a green ugly thing
  5148 | D:8      | Killed a green ugly thing
  5547 | D:8      | Noticed Pikel
  5559 | D:8      | Killed Pikel
  5644 | D:8      | Found Astrucio's Food Boutique.
  5708 | D:8      | Noticed Psyche
  5716 | D:8      | Killed Psyche
  5716 | D:8      | Reached skill level 11 in Axes
  5731 | D:8      | Reached skill level 10 in Fighting
  5779 | D:8      | Received a gift from Trog
  5924 | D:8      | Noticed Maggie
  5935 | D:8      | Killed Maggie
  5935 | D:8      | Reached XP level 11. HP: 72/72 MP: 11/11
  6321 | D:9      | Reached skill level 12 in Axes
  6399 | D:9      | Found Ceany's Armour Shop.
  6736 | D:9      | Found Jatoamoi's Assorted Antiques.
  6842 | D:10     | Entered Level 10 of the Dungeon
  6926 | D:10     | Received a gift from Trog
  7160 | D:10     | Found a staircase to the Lair.
  7324 | D:10     | Found a runed translucent gate.
  7324 | D:10     | Found a runed translucent gate.
  7324 | D:10     | Noticed a white ugly thing
  7326 | D:10     | Found a runed translucent gate.
  7326 | D:10     | Noticed a green ugly thing
  7326 | D:10     | Noticed a green ugly thing
  7326 | D:10     | Noticed a glowing orange brain
  7327 | D:10     | Noticed a purple ugly thing
  7327 | D:10     | Noticed a red very ugly thing
  7327 | D:10     | Noticed a red ugly thing
  7556 | D:11     | Noticed a cyclops
  7568 | D:11     | Killed a cyclops
  7591 | D:11     | Noticed a purple ugly thing
  7597 | D:11     | Killed a purple ugly thing
  7734 | D:11     | Found Sesougao's General Store.
  7743 | D:11     | Noticed Grum
  7755 | D:11     | Killed Grum
  7765 | D:11     | Bought a potion of flight for 45 gold pieces
  7765 | D:11     | Bought a scroll of fog for 30 gold pieces
  7787 | D:11     | Received a gift from Trog
  7892 | D:11     | Noticed a two-headed ogre
  7905 | D:11     | Killed a two-headed ogre
  7905 | D:11     | Reached XP level 12. HP: 65/80 MP: 12/12
  8128 | D:11     | Reached skill level 13 in Axes
  8135 | D:11     | Got a steaming short sword
  8214 | D:12     | Noticed a two-headed ogre
  8221 | D:12     | Killed a two-headed ogre
  8281 | D:12     | Noticed a two-headed ogre
  8289 | D:12     | Killed a two-headed ogre
  8393 | D:12     | Found a staircase to the Orcish Mines.
  8444 | D:12     | Noticed a two-headed ogre
  8449 | D:12     | Killed a two-headed ogre
  8481 | D:12     | Received a gift from Trog
  8528 | D:12     | Noticed an eight-headed hydra
  8539 | D:12     | Killed a four-headed hydra
  8563 | D:12     | Identified the cursed +3 short sword "Zecas" {freeze,
                  | Str+7} (You found it on level 11 of the Dungeon)
  8666 | D:12     | Identified the cursed +1 rapier "Potuu" {speed, rPois MR+
                  | Int-4}
  8821 | D:13     | Noticed a catoblepas
  8834 | D:13     | Killed a catoblepas
  8837 | D:13     | Reached skill level 14 in Axes
  8941 | D:13     | Reached XP level 13. HP: 37/87 MP: 13/13
  8991 | D:13     | Noticed Snorg
  8997 | D:13     | Killed Snorg
  9016 | D:13     | Noticed Nessos
  9032 | D:13     | Killed Nessos
  9070 | D:13     | Found a gate to the Vaults.
  9070 | D:13     | Noticed a vault guard
  9070 | D:13     | Noticed a vault guard
  9070 | D:13     | Noticed a vault guard
  9071 | D:13     | Noticed a vault guard
  9075 | D:13     | Killed a vault guard
  9083 | D:13     | Killed a vault guard
  9094 | D:13     | Killed a vault guard
  9094 | D:13     | Reached skill level 10 in Armour
  9097 | D:13     | Killed a vault guard
  9215 | D:13     | Got an iridescent hand axe
  9293 | D:13     | Identified the +9 hand axe of Revolt {vorpal, Str+2} (You
                  | found it on level 13 of the Dungeon)
  9649 | D:14     | Reached skill level 15 in Axes
  9777 | D:14     | Received a gift from Trog
  9905 | D:14     | Gained mutation: Your large and strong wings let you fly
                  | indefinitely. [Gargoyle growth]
  9905 | D:14     | Reached XP level 14. HP: 51/95 MP: 14/14
  9973 | D:14     | Reached skill level 16 in Axes
 10368 | D:15     | Entered Level 15 of the Dungeon
 10379 | D:15     | Found a runed translucent gate.
 10381 | D:15     | Found a runed translucent gate.
 10430 | D:15     | Reached skill level 1 in Evocations
 10478 | D:15     | Found a staircase to the Depths.
 10583 | D:15     | Found a runed translucent gate.
 10584 | D:15     | Noticed Leomnaev's ghost (journeyman DsFi)
 10629 | D:15     | Killed Leomnaev's ghost
 10637 | D:15     | Got an iridescent scimitar
 10700 | D:15     | Found a shimmering altar of Xom.
 11132 | Orc:1    | Entered Level 1 of the Orcish Mines
 11163 | Orc:1    | Noticed an orc warlord
 11177 | Orc:1    | Killed an orc warlord
 11208 | Orc:1    | Identified the cursed +0 scimitar of Distraction {venom,
                  | Str+5 Dex+2} (You found it on level 15 of the Dungeon)
 11351 | Orc:2    | Entered Level 2 of the Orcish Mines
 11775 | Orc:2    | Paralysed by an orc sorcerer for 2 turns
 11796 | Orc:2    | Received a gift from Trog
 11860 | Orc:2    | Found Sibismul's Jewellery Shop.
 11860 | Orc:2    | Found Soaxirph's Assorted Antiques.
 11861 | Orc:2    | Found Weciet's Antique Weapon Boutique.
 11865 | Orc:2    | Found Uhacuid's Food Boutique.
 11902 | Orc:2    | Bought a scroll of teleportation for 93 gold pieces
 11902 | Orc:2    | Bought 2 potions of curing for 186 gold pieces
 11902 | Orc:2    | Bought a scroll of teleportation for 93 gold pieces
 11903 | Orc:2    | Bought a +4 ring of strength for 378 gold pieces
 11925 | Orc:2    | Noticed a stone giant
 11937 | Orc:2    | Killed a stone giant
 12021 | Orc:2    | Noticed Erolcha
 12030 | Orc:2    | Killed Erolcha
 12224 | Orc:2    | Found a staircase to the Elven Halls.
 12368 | Orc:2    | Received a gift from Trog
 12547 | Lair:1   | Entered Level 1 of the Lair of Beasts
 12573 | Lair:1   | Reached XP level 15. HP: 94/101 MP: 18/18
 12612 | Lair:1   | Found a dark tunnel.
 12623 | Volcano  | Entered a volcano
 12672 | Volcano  | Reached skill level 17 in Axes
 12742 | Volcano  | Found a burning altar of Makhleb.
 12809 | Volcano  | Reached skill level 15 in Fighting
 13151 | Lair:1   | Reached skill level 5 in Evocations
 13621 | Lair:2   | Received a gift from Trog
 13633 | Lair:2   | Found a staircase to the Snake Pit.
 14062 | Lair:2   | Reached skill level 1 in Shields
 14090 | Lair:2   | Found a staircase to the Swamp.
 14280 | Lair:3   | Found a gate leading to a gauntlet.
 14290 | Gauntlet | Entered a Gauntlet
 14290 | Gauntlet | Found a transporter.
 14290 | Gauntlet | Found a transporter.
 14290 | Gauntlet | Found a transporter.
 14291 | Gauntlet | Found a transporter.
 14292 | Gauntlet | Found a transporter.
 14295 | Gauntlet | Found a transporter.
 14378 | Gauntlet | Found a transporter.
 14383 | Gauntlet | Found a transporter.
 14444 | Gauntlet | Found a transporter.
 14470 | Gauntlet | Got a pair of heavily runed gloves
 14488 | Gauntlet | Identified the +0 pair of gloves of Omission {*Drain +Fly
                  | rElec Str-5} (You found it in a Gauntlet)
 14503 | Gauntlet | Found a transporter.
 14595 | Lair:3   | Received a gift from Trog
 16157 | Lair:5   | Received a gift from Trog
 16313 | Lair:5   | Reached XP level 16. HP: 98/108 MP: 20/20
 16323 | Lair:5   | Identified 2 scrolls of acquirement
 16327 | Lair:5   | Identified the amulet of Mysticism {Faith rPois rF+ Str+6
                  | Int-3} (You acquired it on level 5 of the Lair of Beasts)
 16328 | Lair:5   | Identified the +3 plate armour of Lifelessness {Str+4
                  | Dex+4} (You acquired it on level 5 of the Lair of Beasts)
 16328 | Lair:5   | Identified the amulet of Ymuquv {Spirit Dex+5} (You
                  | acquired it on level 5 of the Lair of Beasts)
 16721 | Lair:6   | Entered Level 6 of the Lair of Beasts
 16839 | Lair:6   | Reached skill level 18 in Axes
 16868 | Lair:6   | Found a staircase to the Slime Pits.
 17045 | Lair:6   | Received a gift from Trog
 17127 | Lair:6   | Found a runed translucent gate.
 17127 | Lair:6   | Found a runed translucent gate.
 17127 | Lair:6   | Found a runed translucent gate.
 17131 | Lair:6   | Noticed Henwih's ghost (journeyman VSHu)
 17149 | Lair:6   | Found a viscous altar of Jiyva.
 17170 | Lair:6   | Reached skill level 5 in Dodging
 17664 | Lair:6   | Received a gift from Trog
 17666 | Lair:6   | Killed Henwih's ghost
 17681 | Lair:6   | Identified the Disquisition on Fire and Dislocation
 17808 | Swamp:1  | Entered Level 1 of the Swamp
 17921 | Swamp:1  | Noticed Nikola
 17938 | Swamp:1  | Killed Nikola
 17940 | Swamp:1  | Noticed Kirke
 17964 | Swamp:1  | Killed Kirke
 18012 | Swamp:1  | Got a pitted brass ring
 18133 | Swamp:1  | Noticed Donald
 18152 | Swamp:1  | Killed Donald
 18371 | Swamp:1  | Reached XP level 17. HP: 106/115 MP: 22/22
 18493 | Swamp:2  | Received a gift from Trog
 18522 | Swamp:2  | Identified the ring "Ipnuec" {rF+ rC+} (You found it on
                  | level 1 of the Swamp)
 19208 | Swamp:3  | Received a gift from Trog
 19229 | Swamp:3  | Reached skill level 5 in Shields
 19884 | Swamp:4  | Entered Level 4 of the Swamp
 19937 | Swamp:4  | Received a gift from Trog
 19948 | Swamp:4  | Identified the +12 demon trident "Seaw" {distort, rPois}
 19950 | Swamp:4  | Noticed an Executioner
 19952 | Swamp:4  | Noticed Borgoz's ghost (adept MiBe)
 19970 | Swamp:4  | Reached skill level 19 in Axes
 20003 | Swamp:4  | Found a transporter.
 20055 | Swamp:4  | Found a one-way gate to the infinite horrors of the Abyss.
 20068 | Swamp:4  | Found a transporter.
 20562 | Swamp:4  | Received a gift from Trog
 20667 | Swamp:4  | Slain by a thorn hunter

Levels and vault maps discovered:
D:1:      minmay_arrival_stone_box, layout_basic, serial_forest,
          infiniplex_forest_clump_curved, infiniplex_forest_corner_1,
          infiniplex_forest_zigzag_1, infiniplex_forest_straight_2,
          infiniplex_forest_lined_4_way, minmay_misc_feat_tiny,
          roderic_lattice_a
D:2:      layout_rooms, grunt_temple_overflow_opulence,
          kennysheep_generic_room_8, uniq_jessica, uniq_crazy_yiuf_cottage
D:3:      cheibrodos_fertilizer, layout_basic, nicolae_overflow_crystal_walls,
          grunt_ministairs_10, uniq_natasha
D:4:      layout_layer_cave, amethyst_overflow_temple_binary, first_ration,
          nicolae_ossuary_entry_monument, uniq_duvessa
D:5:      layout_basic, minmay_temple_entry_junction, nrook_pool_corridor
D:6:      layout_basic, serial_shops, nicolae_shop_statue_plus
D:7:      layout_rooms, kennysheep_mini_moat, uniq_prince_ribbit1
D:8:      layout_basic, serial_shops, nicolae_shop_window_shopping,
          minmay_ruffians, uniq_maggie, uniq_pikel, uniq_psyche
D:9:      layout_long_grid, serial_shops, nicolae_shop_overgrown_old_shop,
          nicolae_shop_behind_doors
D:10:     hangedman_cross_stitches, layout_basic, lair_entry_dummy,
          ploomutoo_gammafunk_ghost_potion_laboratory
D:11:     lemuel_ice_spiral_2, layout_basic, serial_shops, shop,
          hangedman_stone_soup, minivault_5, uniq_grum
D:12:     layout_cave_pools, david_orc_3
D:13:     layout_irregular_city, lightli_vaults_fourway_checkpoint,
          skrybe_limestone_x, kennysheep_generic_room_11, uniq_snorg,
          uniq_nessos
D:14:     layout_long_grid
D:15:     gammafunk_depths_entry_grave, layout_basic, serial_bayou_pond_e,
          gammafunk_ghost_hydra_chop, columned_hall_lemuel,
          kb_xom_exploding_sheep
Lair:1:   layout_gridlike, nicolae_volcano_entry_hallway
Lair:2:   layout_chaotic_city, palyth_hydra_swamp_entry,
          minmay_snake_entry_six_corridors, grunt_megastairs_5,
          lemuel_fruit_fields
Lair:3:   layout_regular_city, gauntlet_entry_generic, grunt_megastairs_4
Lair:4:   layout_hall_layers, roderic_carrion_pond
Lair:5:   layout_small_grid, kennysheep_abandoned_house
Lair:6:   grunt_lair_end_beastmaster, layout_gridlike, minmay_slime_entry_eyes,
          gammafunk_ghost_ooze, special_room [special_room_mythical_zoo],
          chequers_serial_rivers_micro_a, lemuel_fruit_tree,
          infiniplex_staircase_pool, serial_bayou_shore_b
Swamp:1:  layout_basic_swamp, nicolae_swamp_round_clearing, uniq_nikola,
          uniq_donald, uniq_kirke
Swamp:2:  layout_falls_marsh, hangedman_swamp_cone
Swamp:3:  layout_basic_swamp, evilmike_swamp_ruin_rubble_1
Swamp:4:  byrel_swamp_growth_death_and_undeath, layout_basic_swamp,
          gammafunk_ghost_abyssal_escape
Orc:1:    layout_caves
Orc:2:    st_orc_mages, layout_caves, nooodl_orcs_dogs, uniq_erolcha

Skill      XL: |  1  2  3  4  5  6  7  8  9 10 11 12 13 14 15 16 17 |
---------------+----------------------------------------------------+-----
Axes           | 3 4 5 6 7 9 11 12 14 15 16 17 18 19 | 19.3
Dodging        | 2 3 4 5 6 |  6.0
Fighting       | 4 5 7 8 10 11 12 13 14 15 16 | 16.8
Armour         | 3 4 5 6 7 9 10 11 12 | 12.3
Evocations     | 4 6 7 9 |  9.0
Shields        | 3 4 6 |  6.0

Action                   |  1- 3 |  4- 6 |  7- 9 | 10-12 | 13-15 | 16-18 || total
-------------------------+-------+-------+-------+-------+-------+-------++-------
Melee: Hand axe          |   106 |   121 |       |       |       |       ||   227
       War axe           |       |    59 |   269 |       |       |       ||   328
       Battleaxe         |       |       |    54 |    91 |       |    20 ||   165
       Executioner's axe |       |       |       |   361 |   809 |   460 ||  1630
       Broad axe         |       |       |       |       |       |   249 ||   249
Invok: Berserk           |     1 |     6 |    14 |     8 |    18 |    10 ||    57
       Trog's Hand       |       |       |     6 |     4 |    16 |     9 ||    35
       Brothers in Arms  |       |       |       |       |     1 |       ||     1
 Abil: Fly               |       |       |       |       |     1 |       ||     1
Evoke: Wand              |       |       |       |       |       |     1 ||     1
  Use: Scroll            |       |       |     9 |    10 |    10 |     7 ||    36
 Stab: Petrified         |       |       |       |       |       |     4 ||     4
       Confused          |       |       |       |       |       |     3 ||     3
  Eat: Chunk             |     1 |     9 |    22 |    22 |    44 |    17 ||   115
       Ration            |       |       |     1 |       |     2 |     3 ||     6
Armor: Animal skin       |    41 |    68 |   110 |       |       |       ||   219
       Scale mail        |       |       |    29 |       |       |       ||    29
       Plate armour      |       |       |    95 |   562 |  1019 |   860 ||  2536
Dodge: Dodged            |    87 |   128 |   208 |   226 |   452 |   572 ||  1673
Block: Other             |       |       |    11 |    39 |    68 |       ||   118
       Reflection        |       |       |       |     1 |     3 |       ||     4

Table legend:
 A = Non-vault XP
 B = Vault XP
 C = Vault XP percentage of total XP
 D = Non-vault monster count
 E = Vault monster count
 F = Vault count percentage of total count
                 A         B        C        D         E       F
            +---------+---------+-------+---------+---------+-------
      Total |  139640 |  103761 |  42.6 |     745 |     342 |  31.5
            +---------+---------+-------+---------+---------+-------
        D:1 |      51 |       0 |   0.0 |      27 |       0 |   0.0
        D:2 |      76 |      79 |  51.0 |      32 |       4 |  11.1
        D:3 |     330 |     196 |  37.3 |      30 |      18 |  37.5
        D:4 |     246 |     214 |  46.5 |      14 |       2 |  12.5
        D:5 |     767 |       0 |   0.0 |      29 |       0 |   0.0
        D:6 |    2096 |       0 |   0.0 |      33 |       0 |   0.0
        D:7 |    1024 |     259 |  20.2 |      25 |       1 |   3.8
        D:8 |    1156 |    2676 |  69.8 |       7 |       9 |  56.2
        D:9 |    1498 |       0 |   0.0 |      44 |       0 |   0.0
       D:10 |    2284 |    1441 |  38.7 |      31 |      10 |  24.4
       D:11 |    3954 |     929 |  19.0 |      23 |       7 |  23.3
       D:12 |    8615 |     467 |   5.1 |      42 |       7 |  14.3
       D:13 |    8100 |    7455 |  47.9 |      35 |      16 |  31.4
       D:14 |   16077 |       0 |   0.0 |      47 |       0 |   0.0
       D:15 |    2404 |    8707 |  78.4 |      14 |      11 |  44.0
     Lair:1 |    4010 |       0 |   0.0 |      17 |       0 |   0.0
     Lair:2 |    4736 |    4110 |  46.5 |      23 |      22 |  48.9
     Lair:3 |    2206 |     235 |   9.6 |      10 |       2 |  16.7
     Lair:4 |    7930 |     611 |   7.2 |      34 |       5 |  12.8
     Lair:5 |    3376 |    1111 |  24.8 |       9 |      15 |  62.5
     Lair:6 |   12078 |   18939 |  61.1 |      30 |      53 |  63.9
    Swamp:1 |   10703 |    9501 |  47.0 |      31 |      10 |  24.4
    Swamp:2 |   15889 |       0 |   0.0 |      49 |       0 |   0.0
    Swamp:3 |   14870 |       0 |   0.0 |      39 |       0 |   0.0
    Swamp:4 |    8262 |   22870 |  73.5 |      22 |      35 |  61.4
      Orc:1 |    3988 |       0 |   0.0 |      26 |       0 |   0.0
      Orc:2 |    2914 |    7319 |  71.5 |      22 |      61 |  73.5
    Ossuary |       0 |     155 | 100.0 |       0 |      16 | 100.0
    Volcano |       0 |    8059 | 100.0 |       0 |      20 | 100.0
   Gauntlet |       0 |    8428 | 100.0 |       0 |      18 | 100.0
            +---------+---------+-------+---------+---------+-------
